[Event "Team 45 45 League T38"]
[Site "Internet Chess Club"]
[Date "2008.08.06"]
[Round "2"]
[White "DavidAbran"]
[Black "TerryMalloy"]
[Result "1/2-1/2"]
[WhiteElo "1880"]
[BlackElo "1908"]
[Opening "Benkö gambit half accepted"]
[ECO "A57"]
[Time "10:05:38"]
[TimeControl "2700+45"]

1. d4 Nf6 2. c4 c5 3. d5 b5 4. cxb5 a6 5. b6 e6 6. Nc3 Nxd5 7. Nxd5 exd5 8. Qxd5
Nc6 9. Nf3 Rb8 10. e4 Be7 11. Bc4 O-O 12. O-O Rxb6 13. e5 Bb7 14. Rd1 Nd4 15.
Rxd4 cxd4 16. Qxd4 d5 17. Bd3 Rb4 {Game drawn by mutual agreement} 1/2-1/2

[Event "Team 45 45 League T38"]
[Site "Internet Chess Club"]
[Date "2008.07.30"]
[Round "2"]
[White "ChessForce"]
[Black "Grenadier"]
[Result "1-0"]
[WhiteElo "1539"]
[BlackElo "1661"]
[Opening "Caro-Kann: classical variation"]
[ECO "B18"]
[Time "19:06:49"]
[TimeControl "2700+45"]

1. e4 c6 2. d4 d5 3. Nc3 dxe4 4. Nxe4 Bf5 5. Ng3 Bg6 6. Nf3 Nf6 7. Bd3 Bxd3 8.
Qxd3 e6 9. Ne4 Nbd7 10. O-O Be7 11. Be3 Nxe4 12. Qxe4 Nf6 13. Qd3 Qc7 14. Bg5
Rd8 15. c3 Nd5 16. Bxe7 Qxe7 17. Ne5 Qg5 18. Qf3 O-O 19. Rad1 Nf6 20. Qe3 Qh5
21. Rd3 Ng4 22. Nxg4 Qxg4 23. Qf3 Qg5 24. Re1 Qd5 25. Qxd5 Rxd5 26. a4 Rfd8 27.
Rde3 c5 28. dxc5 Rxc5 29. b4 Rc4 30. f3 a5 31. bxa5 Rxa4 32. Re5 Ra8 33. Rb5 Ra7
34. Reb1 Kf8 35. Rxb7 Rxb7 36. Rxb7 Rxa5 37. Kf2 Ra2+ 38. Kg3 g5 39. Kh3 h5 40.
g4 h4 41. Rb5 f6 42. Rb6 Kf7 43. Rb7+ Kg6 44. Rb3 e5 45. c4 Rc2 46. Rb4 Rf2 47.
Rb3 Kf7 48. Rb7+ Ke8 49. Rb3 Kd7 50. c5 Kc7 51. Rd3 Kc8 52. Rc3 Kc7 53. Rd3 Kc8
54. Rc3 Rd2 55. Rb3 Kd7 56. Rb6 Ke7 57. Rb7+ Ke6 58. Rb6+ Kf7 59. Rb7+ Kg6 60.
c6 Rc2 61. Rc7 Rf2 62. Rc8 Rxf3+ 63. Kg2 Rc3 64. c7 Kf7 65. Rh8 Rc2+ 66. Kf1
Rc1+ 67. Ke2 Rc2+ 68. Kd3 Rxc7 69. Rh7+ Ke6 70. Rxc7 f5 71. h3 fxg4 72. hxg4 Kd5
73. Rg7 e4+ 74. Ke3 h3 75. Rxg5+ Ke6 76. Kxe4 Kf6 77. Rh5 h2 78. Rxh2 Kg5 79.
Kf3 Kg6 80. Rh5 Kf6 81. Ke4 Kg6 82. Ke5 Kg7 83. Kf5 Kf7 84. Rh7+ Kg8 85. Kg6 Kf8
86. Rg7 Ke8 87. Rf7 Kd8 88. Kf6 Ke8 89. g5 Kd8 90. g6 Ke8 91. g7 Kd8 92. g8=Q#
{Black checkmated} 1-0

[Event "Team 45 45 League T38"]
[Site "Internet Chess Club"]
[Date "2008.08.04"]
[Round "2"]
[White "GoIrish"]
[Black "Zappy"]
[Result "0-1"]
[WhiteElo "1603"]
[BlackElo "1671"]
[Opening "Réti opening"]
[ECO "A04"]
[Time "20:57:32"]
[TimeControl "2700+45"]

1. Nf3 Nc6 2. g3 d5 3. Bg2 Bf5 4. d3 Nf6 5. O-O h6 6. Nbd2 e5 7. Re1 d4 8. Nc4
e4 9. dxe4 Bxe4 10. Ncd2 Bh7 11. Nb3 Nb4 12. Nfxd4 c5 13. Bxb7 Rb8 14. Bc6+ Ke7
15. Nxc5 Qb6 16. Na4 Qa6 17. Nc5 Qb6 18. c3 Nxc6 19. b4 Rd8 20. Qd2 Nxd4 21.
cxd4 Nd5 22. Ba3 Rb8 23. Rab1 Bxb1 24. Rxb1 a5 25. b5 Ke8 26. e4 Nc7 27. Qf4 Bd6
28. e5 Be7 29. Qf5 Ne6 30. d5 Nxc5 31. d6 Bd8 32. Bxc5 Qxc5 33. d7+ Ke7 34. Qg4
Kf8 35. e6 Rxb5 36. Re1 Qf5 37. Qd4 Rd5 38. Qa7 fxe6 {White resigns} 0-1

[Event "Team 45 45 League T38"]
[Site "Internet Chess Club"]
[Date "2008.08.04"]
[Round "2"]
[White "imawesome"]
[Black "Mantra"]
[Result "1/2-1/2"]
[WhiteElo "1502"]
[BlackElo "1545"]
[Opening "French: exchange variation"]
[ECO "C01"]
[Time "09:08:12"]
[TimeControl "2700+45"]

1. e4 e6 2. d4 d5 3. exd5 exd5 4. Nf3 Bd6 5. c4 Nf6 6. Nc3 dxc4 7. Bxc4 O-O 8.
O-O Bg4 9. h3 Bh5 10. Bg5 Nbd7 11. Re1 Re8 12. Rxe8+ Qxe8 13. Qe1 Bxf3 14. Qxe8+
Rxe8 15. gxf3 a6 16. Kf1 Kf8 17. Re1 Rxe1+ 18. Kxe1 Nh5 19. Ne2 Nhf6 20. Kd2 Nb6
21. Bd3 {Game drawn by mutual agreement} 1/2-1/2

[Event "Team 45 45 League T38"]
[Site "Internet Chess Club"]
[Date "2008.08.01"]
[Round "2"]
[White "allanchs"]
[Black "Nikhil03"]
[Result "1-0"]
[WhiteElo "1538"]
[BlackElo "1441"]
[Opening "Two knights defense"]
[ECO "C55"]
[Time "11:00:10"]
[TimeControl "2700+45"]

1. e4 e5 2. Nf3 Nc6 3. Bc4 Nf6 4. d4 exd4 5. O-O d6 6. Nxd4 Nxd4 7. Qxd4 Be7 8.
Nc3 O-O 9. Be3 c5 10. Qd2 Re8 11. Rad1 h6 12. h3 Bf8 13. Bd5 Nxd5 14. Qxd5 Rb8
15. Bf4 Be6 16. Qd2 Bc4 17. Rfe1 Re6 18. e5 Qb6 19. b3 Bb5 20. Nxb5 Qxb5 21.
exd6 Rxe1+ 22. Rxe1 Rd8 23. Rd1 Qd7 24. c4 b6 25. Qd3 g6 26. Qd2 Kh7 27. h4 h5
28. Qd3 Bh6 29. Bxh6 Kxh6 30. Qd2+ Kg7 31. Qc3+ Kg8 32. Qf6 Qe6 33. Qxd8+ Kg7
34. d7 Qg4 35. Rf1 Qe6 36. Qe8 Qg4 37. d8=Q Qxh4 38. Qh8# {Black checkmated} 1-0

[Event "Team 45 45 League T38"]
[Site "Internet Chess Club"]
[Date "2008.08.01"]
[Round "2"]
[White "b-spot"]
[Black "BrerRabbit"]
[Result "1-0"]
[WhiteElo "1715"]
[BlackElo "1574"]
[Opening "King's Indian: orthodox variation"]
[ECO "E94"]
[Time "19:00:07"]
[TimeControl "2700+45"]

1. d4 Nf6 2. c4 g6 3. Nc3 Bg7 4. e4 d6 5. Nf3 O-O 6. Be2 e5 7. O-O Na6 8. Re1 c6
9. Bf1 exd4 10. Nxd4 Ng4 11. h3 Ne5 12. Be3 Nc5 13. Qd2 Qe7 14. Bh6 Ne6 15. Nxe6
Bxe6 16. b3 Qc7 17. Bxg7 Kxg7 18. f4 Nd7 19. Rad1 Qb6+ 20. Qd4+ Nf6 21. Qxb6
axb6 22. Rxd6 Nh5 23. Ra1 Nxf4 24. Na4 Ra5 25. Nxb6 Rg5 26. Kf2 Nh5 27. Rad1 Rg3
28. Be2 Rc3 29. Bxh5 gxh5 30. R1d2 Kh8 31. Na4 Rc1 32. Nc5 Rg8 33. Nxe6 fxe6 34.
Rxe6 Rc3 35. Rf6 Rcg3 36. Kf1 Re8 37. Re2 Kg7 38. Rf3 Rg5 39. Kf2 Rge5 40. Rf5
Rxe4 41. Rxe4 Rxe4 42. Rxh5 Rd4 43. Re5 Rd2+ 44. Re2 Rd7 45. Ke3 Kf6 46. Rd2
Re7+ 47. Kd4 b6 48. Kc3 Re3+ 49. Kb4 Ke7 50. Ka3 Ke6 51. Rd8 Re2 52. Re8+ {Black
resigns} 1-0

[Event "Team 45 45 League T38"]
[Site "Internet Chess Club"]
[Date "2008.08.04"]
[Round "2"]
[White "crag"]
[Black "jazzyrick"]
[Result "1-0"]
[WhiteElo "1566"]
[BlackElo "1487"]
[Opening "Sicilian: Najdorf, Lipnitzky attack"]
[ECO "B86"]
[Time "18:03:06"]
[TimeControl "2700+45"]

1. e4 c5 2. Nf3 d6 3. d4 cxd4 4. Nxd4 Nf6 5. Nc3 a6 6. Bc4 e6 7. O-O Be7 8. Be3
b5 9. Bd3 Bb7 10. a3 Nbd7 11. Qe2 O-O 12. Rad1 Rc8 13. Rfe1 d5 14. exd5 Nxd5 15.
Nxd5 Bxd5 16. Nf3 Nc5 17. Bxc5 Rxc5 18. Be4 Qc7 19. Bxd5 Rxc2 20. Rd2 Rxd2 21.
Nxd2 Bg5 22. Bf3 Qc2 23. Ne4 Qxe2 24. Rxe2 Be7 25. Nc3 Rc8 26. Bb7 Rc7 27. Bxa6
Bxa3 28. bxa3 Rxc3 29. Kf1 {Black resigns} 1-0

[Event "Team 45 45 League T38"]
[Site "Internet Chess Club"]
[Date "2008.08.05"]
[Round "2"]
[White "werty"]
[Black "houseofcook"]
[Result "1/2-1/2"]
[WhiteElo "1517"]
[BlackElo "1458"]
[Opening "Queen's pawn game"]
[ECO "A45"]
[Time "14:00:53"]
[TimeControl "2700+45"]

1. d4 Nf6 2. e3 d6 3. Bd3 g6 4. Nf3 Bg7 5. c3 b6 6. Nbd2 Ba6 7. Qc2 Bxd3 8. Qxd3
Nbd7 9. O-O O-O 10. Re1 c5 11. Ne4 Nxe4 12. Qxe4 Nf6 13. Qd3 Rc8 14. e4 Re8 15.
Bg5 e5 16. d5 Qd7 17. Bxf6 Bxf6 18. h3 c4 19. Qe3 Qe7 20. a3 Rc5 21. Re2 Rec8
22. g3 Kg7 23. h4 h6 24. Kg2 Rh8 25. Rh1 h5 26. Rc2 Qd7 27. Qe2 Qg4 28. Nh2 Qd7
29. Nf3 Qg4 {Game drawn by mutual agreement} 1/2-1/2

Because the players have played with reversed colors the game result is adjusted.
As of statutes 11.D.ii the result of the played game stands.

Greetings,
QueensCounselor

[Event "Team 45 45 League T38"]
[Site "Internet Chess Club"]
[Date "2008.08.03"]
[Round "2"]
[White "C-Jones"]
[Black "rubo"]
[Result "1/2-1/2"]
[WhiteElo "1630"]
[BlackElo "1713"]
[Opening "Caro-Kann: classical variation"]
[ECO "B18"]
[Time "16:00:18"]
[TimeControl "2700+45"]

1. e4 c6 2. d4 d5 3. Nc3 dxe4 4. Nxe4 Bf5 5. Ng3 Bg6 6. Nf3 Nd7 7. Bd3 Bxd3 8.
Qxd3 Ngf6 9. O-O Qc7 10. Ne4 e6 11. Re1 Nxe4 12. Qxe4 Nf6 13. Qd3 O-O-O 14. Qb3
Bd6 15. c4 c5 16. dxc5 Bxc5 17. Be3 Bxe3 18. Qxe3 Kb8 19. Qe5 Qxe5 20. Rxe5 Rd7
21. h3 h6 22. Ree1 Rhd8 23. b3 Kc8 24. Kf1 g5 25. g4 Rd3 26. Kg2 Nd7 27. Red1
Ne5 28. Rxd3 Nxd3 29. h4 Nf4+ 30. Kg3 Rd3 31. hxg5 hxg5 32. Re1 f6 33. Re3 Rxe3
34. fxe3 Ne2+ 35. Kf2 Nc1 36. Nd2 Nxa2 37. Ne4 f5 38. gxf5 exf5 39. Nd6+ Kc7 40.
Nxf5 Nc1 41. Nd4 Kd7 42. Kf3 Ke7 43. Kg4 Kf6 44. c5 Nd3 45. Nb5 a6 46. Nd6 Nxc5
47. b4 Nd3 48. b5 Nc5 49. bxa6 bxa6 50. Nc4 Nb3 51. e4 a5 52. e5+ Kg6 53. e6 a4
54. e7 Kf7 55. Kxg5 Kxe7 56. Kf5 Nc5 57. Ke5 Nd7+ 58. Kd4 Ke6 59. Kc3 Kd5 60.
Kb4 Nc5 61. Nb6+ Kd4 {Game drawn by mutual agreement} 1/2-1/2

[Event "Team 45 45 League T38"]
[Site "Internet Chess Club"]
[Date "2008.08.03"]
[Round "2"]
[White "Jozin"]
[Black "chesskix"]
[Result "1/2-1/2"]
[WhiteElo "1687"]
[BlackElo "1602"]
[Opening "QGA: Alekhine defense"]
[ECO "D21"]
[Time "13:00:13"]
[TimeControl "2700+45"]

1. d4 d5 2. c4 dxc4 3. Nf3 a6 4. g3 c6 5. Bg2 Nf6 6. O-O g6 7. Nbd2 Bg7 8. Nxc4
O-O 9. Qb3 b5 10. Ncd2 Be6 11. Qd1 Bd5 12. b3 Nbd7 13. Re1 Ne4 14. Bb2 Bh6 15.
Nxe4 Bxe4 16. b4 Nf6 17. e3 Qd5 18. a3 Nd7 19. h3 Nb6 20. Rc1 Nc4 21. Ba1 Rac8
22. Rc3 Rfd8 23. Kh2 Rd6 24. Rg1 Rf6 25. Nd2 Rxf2 26. Nxe4 Qxe4 27. Kh1 Qf5 28.
e4 Qd7 29. d5 Rd2 30. Qe1 Ne5 31. Rf1 Nd3 32. Qb1 Nf2+ 33. Kg1 Nxh3+ 34. Bxh3
Qxh3 35. Rf2 Rxf2 36. Kxf2 Qh2+ 37. Kf3 Qh5+ 38. Kf2 Qh2+ 39. Kf3 e5 40. Rxc6
Rxc6 41. dxc6 Qh5+ 42. Kf2 Qh2+ 43. Kf3 Qh5+ 44. Kf2 Qh2+ 45. Kf3 Qh5+ 46. Kf2
{Game drawn by repetition} 1/2-1/2

[Event "Team 45 45 League T38"]
[Site "Internet Chess Club"]
[Date "2008.07.30"]
[Round "2"]
[White "betto2506"]
[Black "curtintime"]
[Result "0-1"]
[WhiteElo "1417"]
[BlackElo "1344"]
[Opening "Ruy Lopez: Anderssen variation"]
[ECO "C77"]
[Time "20:00:12"]
[TimeControl "2700+45"]

1. e4 e5 2. Nf3 Nc6 3. Bb5 a6 4. Ba4 Nf6 5. d3 d6 6. Bxc6+ bxc6 7. b3 Be7 8.
Nbd2 Bg4 9. h3 Bh5 10. Bb2 O-O 11. Nc4 Qb8 12. O-O Nd7 13. Na5 Qb6 14. Nc4 Qb7
15. a4 Bf6 16. Na5 Qb6 17. Nc4 Qb7 18. Ncd2 Bg5 19. Qe1 Bf6 20. Qe3 Nc5 21. Rfc1
Rfe8 22. Ng5 h6 23. Ngf3 Nd7 24. Kh1 d5 25. exd5 cxd5 26. Re1 e4 27. Nd4 c5 28.
Nf5 Bxb2 29. Rab1 Bf6 30. Nd6 Qb4 31. Nxe8 Rxe8 32. dxe4 Bg5 33. f4 Bh4 34. g3
Bxg3 35. Qxg3 Qxd2 36. exd5 Qxd5+ 37. Kg1 Rxe1+ 38. Rxe1 Nf6 39. c4 Qd4+ 40. Qe3
Qd6 41. Qe5 Qd7 42. Re3 Qd1+ 43. Kf2 Qd2+ 44. Kg3 Qc2 45. Qxc5 Ne4+ 46. Rxe4
Qxe4 47. Qd5 Qe3+ 48. Kh4 Bf3 49. Qd6 Qf2# {White checkmated} 0-1

[Event "Team 45 45 League T38"]
[Site "Internet Chess Club"]
[Date "2008.08.02"]
[Round "2"]
[White "OGO"]
[Black "lw"]
[Result "1/2-1/2"]
[WhiteElo "1642"]
[BlackElo "1571"]
[Opening "Robatsch defense: two knights, Suttles variation"]
[ECO "B06"]
[Time "14:00:28"]
[TimeControl "2700+45"]

1. e4 g6 2. Nf3 d6 3. Nc3 c6 4. d4 Bg7 5. Bc4 b5 6. Bb3 a5 7. a3 Nd7 8. O-O Ba6
9. Re1 Ngf6 10. Bg5 O-O 11. Qd2 b4 12. axb4 axb4 13. Na4 c5 14. dxc5 dxc5 15.
Bd5 Nxd5 16. Qxd5 Bb5 17. Qb3 Qa5 18. Qe3 Bxa4 19. Bxe7 Rfe8 20. Bd6 Qb5 21. e5
Bxc2 22. Rac1 b3 23. Ng5 Nxe5 24. Qh3 h5 25. Qg3 Nd3 26. Rxe8+ Rxe8 27. Rf1 Bxb2
28. Qf3 Qd7 29. Ne4 Rxe4 30. Qxe4 Qxd6 31. Qe8+ Kg7 32. Qe2 Bd4 33. Qd2 Qf6 34.
h3 Bxf2+ 35. Kh1 Be3 36. Qe2 Qd4 37. Qf3 Ne5 38. Qf6+ Kh6 39. Qh8+ {Game drawn
by mutual agreement} 1/2-1/2

[Event "Team 45 45 League T38"]
[Site "Internet Chess Club"]
[Date "2008.08.02"]
[Round "2"]
[White "islanderpfeifer"]
[Black "noblitz-oblige"]
[Result "0-1"]
[WhiteElo "1474"]
[BlackElo "1634"]
[Opening "Queen's pawn game, Chigorin variation"]
[ECO "D02"]
[Time "18:36:01"]
[TimeControl "2700+45"]

1. d4 d5 2. Nf3 Nc6 3. e3 a6 4. Bd3 Nf6 5. Nbd2 e6 6. c3 Be7 7. O-O O-O 8. Re1
Re8 9. e4 dxe4 10. Nxe4 h6 11. g3 b6 12. Nxf6+ Bxf6 13. Be4 Bb7 14. Qe2 b5 15.
Ne5 Na5 16. b4 Bxe5 17. bxa5 Bxe4 18. Qxe4 Bf6 19. Bd2 c5 20. Be3 Qxa5 21. Rec1
c4 22. Qc2 Rad8 23. a4 Qc7 24. a5 e5 25. dxe5 Qxe5 26. Bd4 Qe6 27. Re1 Qc6 28.
Bb6 Rd3 29. Rxe8+ Qxe8 30. Rd1 Rxd1+ 31. Qxd1 Bxc3 32. Kf1 Bf6 33. Qf3 Qd7 34.
Qa8+ Kh7 35. Qxa6 c3 36. Be3 c2 37. Ke2 b4 38. Qd3+ Qxd3+ 39. Kxd3 b3 40. a6 Bd4
41. Kd2 Bb2 42. Ke2 c1=Q 43. Bxc1 Bxc1 44. a7 b2 45. a8=Q b1=Q 46. Qf3 Qb5+ 47.
Qd3+ Qxd3+ 48. Kxd3 Kg6 49. Kc2 Ba3 50. f3 Bc5 51. Kd3 Kf5 52. Ke2 h5 53. h3 Ke5
54. h4 Bd6 55. g4 g6 56. gxh5 gxh5 57. Kf2 Kf4 58. Kg2 Ke3 59. Kh3 f5 60. Kg2
Bh2 61. Kh3 Kxf3 62. Kxh2 Kg4 63. Kg2 Kxh4 64. Kf3 Kg5 65. Kg3 h4+ 66. Kf3 f4
67. Kg2 Kg4 68. Kf2 h3 69. Kg1 Kg3 70. Kh1 f3 71. Kg1 f2+ 72. Kf1 h2 {White
resigns} 0-1

[Event "Team 45 45 League T38"]
[Site "Internet Chess Club"]
[Date "2008.08.02"]
[Round "2"]
[White "Jester"]
[Black "Rhel"]
[Result "1-0"]
[WhiteElo "1467"]
[BlackElo "1500"]
[Opening "Queen's pawn game"]
[ECO "E10"]
[Time "09:11:40"]
[TimeControl "2700+45"]

1. d4 Nf6 2. c4 e6 3. Nf3 d5 4. e3 Be7 5. Nc3 O-O 6. cxd5 Nxd5 7. e4 Nxc3 8.
bxc3 Nd7 9. Be2 b6 10. O-O Bb7 11. Qc2 c5 12. Bf4 cxd4 13. cxd4 Rc8 14. Qb2 Bd5
15. exd5 exd5 16. Rac1 Nf6 17. Ne5 Qd6 18. Nc6 Qd7 19. Nxe7+ Qxe7 20. Rfe1 Rfe8
21. Rxc8 Rxc8 22. h3 Qe4 23. Be5 Rc2 24. Qb5 h6 25. Bxf6 gxf6 26. Qa6 Kg7 27.
Kf1 Qxd4 28. Qd3 Qxd3 29. Bxd3 Rxa2 30. Re7 a5 31. Rb7 Ra1+ 32. Ke2 Ra2+ 33. Ke3
d4+ 34. Kxd4 Rxf2 35. Be4 Rf4 36. Ke3 Rf1 37. Rxb6 a4 38. Ra6 Ra1 39. Bd5 a3 40.
Kd2 Kg6 41. Ra7 Kg5 42. Rxf7 Kf5 43. Kc2 Rf1 44. Ra7 Ke5 45. Ra5 Kd4 46. Bf3 Ra1
47. Kb3 Rb1+ 48. Kxa3 Ra1+ 49. Kb4 Rb1+ 50. Ka4 Kc4 51. Be2+ Kd4 52. Rf5 Ra1+
53. Kb5 Rb1+ 54. Kc6 Ra1 55. Kd6 Ke3 56. Bf3 Ra6+ 57. Ke7 Ra7+ 58. Kxf6 Ra6+ 59.
Kg7 Ra7+ 60. Kxh6 Ra6+ 61. Kg5 {Black resigns} 1-0

[Event "Team 45 45 League T38"]
[Site "Internet Chess Club"]
[Date "2008.08.01"]
[Round "2"]
[White "ADIOKiddo4Ever"]
[Black "Ernie1"]
[Result "1-0"]
[WhiteElo "1664"]
[BlackElo "1642"]
[Opening "Caro-Kann: advance variation"]
[ECO "B12"]
[Time "21:32:26"]
[TimeControl "2700+45"]

1. e4 c6 2. d4 d5 3. e5 c5 4. dxc5 e6 5. Be3 Qa5+ 6. Qd2 Nc6 7. Qxa5 Nxa5 8. Nc3
Nc4 9. Bxc4 dxc4 10. Nb5 Kd8 11. O-O-O+ Bd7 12. Nf3 h6 13. Nd6 Bxd6 14. exd6 f6
15. Rd4 Bb5 16. Rg4 g5 17. h4 h5 18. hxg5 hxg4 19. Rxh8 Kd7 20. Nd4 Rc8 {Black
resigns} 1-0

[Event "Team 45 45 League T38"]
[Site "Internet Chess Club"]
[Date "2008.07.31"]
[Round "2"]
[White "philbyninety"]
[Black "celebrat"]
[Result "0-1"]
[WhiteElo "1315"]
[BlackElo "1699"]
[Opening "French: advance, Euwe variation"]
[ECO "C02"]
[Time "18:01:48"]
[TimeControl "2700+45"]

1. e4 e6 2. d4 d5 3. e5 c5 4. c3 Nc6 5. Nf3 Bd7 6. Be2 Qb6 7. O-O Nge7 8. Na3
Nf5 9. Nc2 Be7 10. h3 O-O 11. b3 f6 12. g4 Nh6 13. exf6 Rxf6 14. g5 Rg6 15. Bd3
Nf5 16. h4 h6 17. h5 Rxg5+ 18. Bxg5 hxg5 19. Re1 cxd4 20. Bxf5 exf5 21. Ncxd4
Bf6 22. Rc1 g4 23. Nxc6 Bxc6 24. Ne5 Bh4 25. Qd4 Qd8 26. Nxc6 bxc6 27. Qe5 Qg5
28. Qe6+ Kf8 29. Rc2 g3 30. f3 Qxh5 31. Re5 g6 32. Qxc6 Rd8 33. Rce2 Qxf3 34.
Re8+ Rxe8 35. Qxe8+ Kg7 36. Qe3 Qg4 37. Qxa7+ Kh6 38. Qe3+ f4 39. Qd2 Kh7 40.
Rg2 f3 41. Qxd5 fxg2 42. Qf7+ Kh6 43. Qf8+ Kg5 44. Qd8+ Kf5 45. Qd7+ Kf4 46.
Qxg4+ Kxg4 47. Kxg2 Bf6 48. c4 Be7 49. a4 Bb4 50. c5 Bxc5 51. a5 Kf4 52. a6 Ba7
53. b4 g5 54. b5 Kg4 55. Kh1 Kf3 56. b6 g2+ 57. Kh2 Bxb6 {White resigns} 0-1

[Event "Team 45 45 League T38"]
[Site "Internet Chess Club"]
[Date "2008.08.03"]
[Round "2"]
[White "Chessrascal"]
[Black "andreip"]
[Result "0-1"]
[WhiteElo "2149"]
[BlackElo "2108"]
[Opening "Sicilian: closed, 6.f4"]
[ECO "B25"]
[Time "13:54:51"]
[TimeControl "2700+45"]

1. e4 c5 2. Nc3 Nc6 3. g3 g6 4. Bg2 Bg7 5. d3 d6 6. f4 e6 7. Nf3 Nge7 8. O-O O-O
9. Be3 Nd4 10. e5 Nef5 11. Bf2 Bd7 12. Ne4 Nxf3+ 13. Bxf3 Bc6 14. c3 dxe5 15.
fxe5 Bxe5 16. Nxc5 Bxf3 17. Qxf3 b6 18. Ne4 h5 19. Rae1 Bg7 20. d4 Qd5 21. a3
Qb5 22. Qe2 Qd5 23. Nd2 Rfd8 24. Nf3 Rac8 25. Ne5 Qd6 26. h3 Bxe5 27. Qxe5 Qxe5
28. Rxe5 Nd6 29. Re2 Nc4 30. Be3 Nxe3 31. Rxe3 Rd5 32. Kg2 Kg7 33. Rfe1 Kf6 34.
Re5 Rxe5 35. Rxe5 Ke7 36. Kf3 f6 37. Re3 Kd6 38. Ke4 g5 39. b3 f5+ 40. Kf3 b5
41. g4 hxg4+ 42. hxg4 f4 43. Rd3 Kd5 44. a4 bxa4 45. c4+ Kd6 46. c5+ Kd5 47.
bxa4 Rh8 48. Kg2 Rh4 49. Kf3 Rh3+ 50. Ke2 Rxd3 51. Kxd3 a5 52. Kc3 e5 53. dxe5
Kxc5 54. Kd3 Kd5 55. Ke2 Kxe5 56. Kf3 Kd4 57. Ke2 Kc4 58. Kf3 Kb4 59. Ke4 Kxa4
60. Kf5 f3 61. Kxg5 f2 62. Kh6 f1=Q 63. g5 Qf8+ 64. Kh7 Qf7+ 65. Kh6 Qg8 66. g6
Kb4 67. Kg5 a4 68. Kh6 a3 69. Kh5 a2 70. Kg5 a1=Q 71. Kh6 Qag7+ 72. Kh5 Qxg6+
73. Kh4 Qg5+ 74. Kh3 Qg4+ 75. Kh2 Qg3+ 76. Kh1 Qg2# {White checkmated} 0-1

[Event "Team 45 45 League T38"]
[Site "Internet Chess Club"]
[Date "2008.08.03"]
[Round "2"]
[White "answer"]
[Black "Terte"]
[Result "1-0"]
[WhiteElo "2237"]
[BlackElo "2016"]
[Opening "King's Indian: orthodox, 7...Nbd7, 8.Re1"]
[ECO "E95"]
[Time "02:20:07"]
[TimeControl "2700+45"]

1. d4 g6 2. c4 Nf6 3. Nc3 Bg7 4. e4 d6 5. Be2 O-O 6. Nf3 e5 7. O-O Nbd7 8. Re1
exd4 9. Nxd4 Re8 10. Bf1 Nc5 11. f3 a5 12. b3 Bd7 13. Be3 Ne6 14. Nde2 Bc6 15.
Qd2 Nd7 16. Rac1 b6 17. Nd5 Bb7 18. Nec3 c6 19. Nf4 Qc7 20. Red1 Bf8 21. Bd3
Rad8 22. Nxe6 Rxe6 23. Nd5 Qb8 24. Nxb6 Ne5 25. Bb1 d5 26. cxd5 cxd5 27. Nxd5
Red6 28. Qxa5 Bxd5 29. Rxd5 Rxd5 30. exd5 Bd6 31. Qb6 Qa8 32. h3 Ba3 33. Rd1
Rxd5 34. Rxd5 Qxd5 35. Qd4 Qxd4 36. Bxd4 Nc6 37. Bf6 Kf8 38. Kf1 Ke8 39. Ke2 Kd7
40. Kd3 Kd6 41. Kc4 Ne5+ 42. Kb5 Nc6 43. Bc3 f5 44. b4 Kd5 45. Bd3 Nd4+ 46. Ka6
{Black resigns} 1-0

[Event "Team 45 45 League T38"]
[Site "Internet Chess Club"]
[Date "2008.08.04"]
[Round "2"]
[White "viking99"]
[Black "Mitch99"]
[Result "1-0"]
[WhiteElo "1797"]
[BlackElo "1768"]
[Opening "French: Winawer, advance, poisoned pawn variation"]
[ECO "C18"]
[Time "18:05:55"]
[TimeControl "2700+45"]

1. e4 e6 2. d4 d5 3. Nc3 Bb4 4. e5 c5 5. a3 Bxc3+ 6. bxc3 Ne7 7. Qg4 O-O 8. Bg5
Bd7 9. Bd3 c4 10. Bxh7+ Kxh7 11. Qh4+ Kg8 12. Bxe7 Qa5 13. Bb4 Qd8 14. Qh5 Re8
15. Nf3 f6 16. h4 Ba4 17. Kd2 Nc6 18. Bd6 fxe5 19. Ng5 Qxd6 20. Qh7+ Kf8 21.
Qh8+ Ke7 22. Qxg7+ Kd8 23. Nf7+ Kc7 24. Nxd6+ Kxd6 25. dxe5+ Nxe5 26. Rae1 Nc6
27. Qf6 {Black resigns} 1-0

[Event "Team 45 45 League T38"]
[Site "Internet Chess Club"]
[Date "2008.08.01"]
[Round "2"]
[White "Chessduke"]
[Black "Kingmaker"]
[Result "1/2-1/2"]
[WhiteElo "2102"]
[BlackElo "1848"]
[Opening "French: Marshall variation"]
[ECO "C10"]
[Time "13:10:27"]
[TimeControl "2700+45"]

1. e4 e6 2. d4 d5 3. Nc3 c5 4. Nf3 Nc6 5. Bb5 Nf6 6. Bg5 Be7 7. exd5 Nxd5 8.
Bxe7 Qxe7 9. O-O Nxc3 10. bxc3 O-O 11. Bxc6 bxc6 12. Ne5 Qc7 13. Qf3 Bb7 14.
Rab1 f6 15. Nd3 cxd4 16. Nc5 Bc8 17. cxd4 Rd8 18. c3 Qd6 19. Rfd1 Qd5 20. Qe2
Kf7 21. a4 a5 22. f4 Qd6 23. Qe4 Rb8 24. Rxb8 Qxb8 25. Qxc6 Qxf4 26. Qb6 Rd5 27.
Qxa5 Rh5 28. Qa8 Qxh2+ 29. Kf2 Rf5+ 30. Ke2 Qg3 31. Rf1 Qg4+ 32. Ke1 Qg3+ 33.
Ke2 Qg4+ 34. Ke1 Qg3+ {Game drawn by mutual agreement} 1/2-1/2

[Event "Team 45 45 League T38"]
[Site "Internet Chess Club"]
[Date "2008.08.01"]
[Round "2"]
[White "imgr8"]
[Black "wonderboy"]
[Result "1/2-1/2"]
[WhiteElo "1999"]
[BlackElo "1909"]
[Opening "Vienna gambit: Breyer variation"]
[ECO "C29"]
[Time "10:04:04"]
[TimeControl "2700+45"]

1. e4 e5 2. Nc3 Nf6 3. f4 d5 4. fxe5 Nxe4 5. Nf3 Be7 6. d4 Bg4 7. Bd3 Bb4 8. Bd2
Bxf3 9. Qxf3 Qh4+ 10. g3 Nxd2 11. Kxd2 Qxd4 12. a3 Bxc3+ 13. bxc3 Qc5 14. Qf5
Nd7 15. e6 Nf6 16. exf7+ Kxf7 17. Rhf1 Rae8 18. Rae1 Rxe1 19. Rxe1 Qd6 20. Rf1
g6 21. Qh3 Kg7 22. Qh4 Re8 23. Qa4 Ne4+ 24. Kc1 Re7 25. Qxa7 Nxc3 26. Qxb7 Qxa3+
27. Qb2 Qxb2+ 28. Kxb2 Na4+ 29. Kb3 Nc5+ 30. Kb4 Nxd3+ 31. cxd3 Re2 32. Kc5 Rxh2
33. Kxd5 Rd2 34. Rf3 h5 35. Kc6 Rc2+ 36. Kd5 g5 37. Ke5 Rc5+ 38. Ke6 h4 39. gxh4
gxh4 40. Rh3 Rh5 41. Kd7 c5 42. Kc6 Kg6 43. Rh2 h3 44. Kb5 Kf6 45. Kc4 Ke6 46.
d4 cxd4 47. Kxd4 Kf5 48. Ke3 Kg4 49. Kf2 Ra5 50. Kg1 Kg3 51. Rg2+ Kh4 52. Rb2
Kg3 53. Rg2+ Kf3 54. Rb2 Kg3 55. Rg2+ {Game drawn by repetition} 1/2-1/2

[Event "Team 45 45 League T38"]
[Site "Internet Chess Club"]
[Date "2008.08.02"]
[Round "2"]
[White "jonesey"]
[Black "irock"]
[Result "1/2-1/2"]
[WhiteElo "1928"]
[BlackElo "1740"]
[Opening "English: symmetrical, Botvinnik system"]
[ECO "B20"]
[Time "06:59:23"]
[TimeControl "2700+45"]

1. e4 c5 2. c4 Nc6 3. Nc3 g6 4. g3 Bg7 5. Bg2 Nf6 6. Nge2 d6 7. d3 O-O 8. O-O
Bd7 9. h3 Qc7 10. Be3 e6 11. b3 a6 12. Rc1 Rab8 13. d4 cxd4 14. Nxd4 Rfd8 15.
Nd5 exd5 16. cxd5 Rbc8 17. dxc6 bxc6 18. e5 dxe5 19. Nxc6 Bxc6 20. Rxc6 Rxd1 21.
Rxd1 Qxc6 22. Bxc6 Rxc6 23. Rd8+ Bf8 24. Bh6 Nd7 25. Bd2 Rd6 26. Bb4 Rd1+ 27.
Kg2 Rd4 28. Bc3 Rd3 29. Bb4 Nc5 30. Ra8 Kg7 31. Kf1 e4 32. Ke2 Ne6 33. Bxf8+
Nxf8 34. Rxa6 Ne6 35. b4 Nd4+ 36. Kf1 Rd1+ 37. Kg2 Nf3 38. h4 Rg1+ 39. Kh3 Rh1+
40. Kg2 Rh2+ 41. Kf1 Rh1+ 42. Kg2 Rb1 43. a3 Rb2 44. Rc6 Ra2 45. g4 Rxa3 46. h5
Rb3 47. hxg6 hxg6 48. Rc4 Ne1+ 49. Kf1 Nd3 50. Rxe4 Rxb4 51. Re3 Nf4 52. Kg1 Kf6
53. Kh2 Kg5 54. Kg3 f5 55. gxf5 gxf5 56. Re8 Rb3+ 57. f3 Nh5+ 58. Kf2 Kf4 59.
Rh8 Rxf3+ 60. Kg2 Nf6 61. Rf8 Ne4 62. Rxf5+ {Game drawn by mutual agreement}
1/2-1/2